 Dungeon Crawl Stone Soup version 0.30-a0-187-gd9c2deaf24 (webtiles) character file.

Game seed: 8570873335370485782

1637 IdlyInterested the Cutter (level 8, 0/63 HPs)
             Began as a Demonspawn Brigand on Oct 3, 2022.
             Killed by nerve-wracking pain
             ... invoked by Grinder
              (14 damage)
             ... on level 6 of the Dungeon.
             The game lasted 00:18:58 (5425 turns).

IdlyInterested the Cutter (Demonspawn Brigand)      Turns: 5425, Time: 00:18:58

Health: 0/63       AC:  4    Str: 11    XL:     8   Next: 66%
Magic:  9/9        EV: 12    Int: 15    God:
Gold:   250        SH:  5    Dex: 15    Spells: 9/9 levels left

rFire   . . .      SeeInvis .    A - +2 short sword (drain)
rCold   + . .      Faith    .    (no shield)
rNeg    . . .      Spirit   .    b - +0 robe
rPois   .          Reflect  +    (helmet restricted)
rElec   .          Harm     .    c - +0 cloak
rCorr   .          Rampage  .    f - +0 pair of gloves
Will    .....                    (no boots)
Stlth   +++.......               l - amulet of reflection
HPRegen 0.30/turn                j - ring of protection from cold
MPRegen 0.11/turn                (no ring)

@: no status effects
A: antennae 2, demonic guardian 2
a: no special abilities


You were on level 6 of the Dungeon.
You visited 2 branches of the dungeon, and saw 7 of its levels.

You collected 250 gold pieces.

Inventory:

Hand Weapons
 a - a +2 dagger
 h - a +1 dagger of freezing
 p - a +0 dagger of venom
 s - a +4 long sword
 A - a +2 short sword of draining (weapon)
Missiles
 d - 13 poisoned darts (quivered)
 e - 3 curare-tipped darts
 o - 16 boomerangs
 F - 2 atropa-tipped darts
Armour
 b - a +0 robe (worn)
 c - a +0 cloak (worn)
 f - a +0 pair of gloves (worn)
 k - a +0 chain mail of cold resistance
 r - a +0 leather armour
 u - a +0 ring mail
 w - a scarf of invisibility
 x - a +0 scale mail
Magical Staves
 D - a staff of earth
Jewellery
 j - a ring of protection from cold (left hand)
 l - an amulet of reflection (around neck)
Wands
 n - a wand of iceblast (6)
Scrolls
 g - 2 scrolls of immolation
 y - a scroll of blinking
 z - a scroll of identify
 B - a scroll of teleportation {unknown}
 E - a scroll of amnesia
Potions
 i - 2 potions of flight
 m - a potion of lignification
 q - a potion of magic
 t - 2 potions of might
 v - a potion of cancellation
 C - a potion of heal wounds {unknown}


   Skills:
 * Level 5.4 Fighting
 * Level 6.7 Short Blades
 - Level 1.7 Throwing
 - Level 1.0 Armour
 - Level 2.0 Dodging
 - Level 6.0 Stealth
 - Level 1.0 Spellcasting
 + Level 3.5 Evocations


You had 9 spell levels left.
You didn't know any spells.
Your spell library contained the following spells:

 Spells                   Type           Power      Damage    Failure   Level
 Sting                    Tmut/Pois      0%         1d3       24%         1
 Poisonous Vapours        Pois/Air       0%         N/A       36%         2
 Ignite Poison            Fire/Tmut/Pois 0%         N/A       58%         3
 Manifold Assault         Tloc           0%         N/A       94%         4
 Olgreb's Toxic Radiance  Pois           0%         N/A       94%         4
 Sticky Flame             Conj/Fire      0%         2d3       94%         4
 Dispersal                Tloc           0%         N/A       100%        6
 Disjunction              Tloc           0%         N/A       100%        8
 Ignition                 Fire           0%         3d3       100%        8


Dungeon Overview and Level Annotations

Branches:
Dungeon (6/15)             Temple (1/1) D:5

Altars:
Ashenzari
Cheibriados
Dithmenos
Fedhas
Hepliaklqana
Kikubaaqudgha
Makhleb
Okawaru
Qazlal
Ru
Sif Muna
Trog
Uskayaw
Vehumet
Wu Jian
Xom
Yredelemnul

Annotations:
D:6 Grinder


Innate Abilities, Weirdness & Mutations

You have a pair of antennae on your head.
A demonic guardian rushes to your aid.


Message History

Grinder gestures at you.
You suddenly lose the ability to move!
Grinder gestures at you.
You struggle to resist.
Grinder hits you.
You writhe in agony.
You can move again.
You hit Grinder.
Grinder is heavily wounded.
Grinder hits you but does no damage.
You hit Grinder.
Grinder is heavily wounded.
You hit Grinder.
Grinder is severely wounded.
Grinder hits you.
A demonic guardian appears!
You writhe in agony.
You barely miss Grinder.
Grinder is severely wounded.
Grinder hits you!
* * * LOW HITPOINT WARNING * * *
You writhe in agony.
* * * LOW HITPOINT WARNING * * *
Unknown command.
Found a stone staircase leading down.
Grinder blinks!
Okay, then.
Grinder says, "FISH!"
Grinder gestures at you.
You suddenly lose the ability to move!
Your ice devil hits Grinder but does no damage.
Grinder hits your ice devil.
Your ice devil misses Grinder.
Grinder hits your ice devil.
Your ice devil hits Grinder but does no damage.
Your ice devil barely misses Grinder.
You can move again.
You see here 5 poisoned darts.
d - 13 poisoned darts (gained 5)
You closely miss Grinder.
Grinder is heavily wounded.
Your ice devil barely misses Grinder.
Grinder gestures at you. Pain shoots through your body!
You die...

.## #. ..#
#.#
###.###
..>#.?...#
#.#.<...#
#..†....#
###.4...#
#5....#
#@....#
#.....#
#.....#
#..<..#
#######


You could see Grinder (ally target) and a friendly ice devil (summoned).

Vanquished Creatures
  Eustachio (D:4)
  2 black bears (D:5)
  An ogre (D:5)
  A bullfrog (D:5)
  2 necrophages
  2 scorpions
  2 wights (D:5)
  3 hounds
  2 orc priests (D:3)
  Jessica (D:2)
  3 iguanas
  Natasha (thrice) (D:3)
  Robin (D:2)
  3 gnolls (D:4)
  6 adders
  An ufetubus (D:4)
  2 worms
  3 dart slugs
  7 orcs
  4 ball pythons
  5 endoplasms
  5 giant cockroaches
  15 goblins
  11 hobgoblins
  5 jackals
  7 kobolds
  A quokka (D:1)
  2 bats
  4 frilled lizards
  4 rats
109 creatures vanquished.

Vanquished Creatures (collateral kills)
  A black bear (D:5)
  A phantom (D:5)
  2 wights (D:5)
  A jelly (D:4)
  An orc (D:3)
  A hobgoblin (D:3)
7 creatures vanquished.

Grand Total: 116 creatures vanquished

Notes
Turn   | Place    | Note
-------+----------+-------------------------------------------
     0 | D:1      | IdlyInterested the Demonspawn Brigand began the quest for
                  | the Orb.
     0 | D:1      | Reached XP level 1. HP: 16/16 MP: 1/1
    80 | D:1      | Reached skill level 1 in Dodging
   107 | D:1      | Found a faded altar of an unknown god.
   250 | D:1      | Gained mutation: You have a pair of small antennae on your
                  | head. [demonic ancestry]
   250 | D:1      | Reached XP level 2. HP: 18/22 MP: 2/2
   724 | D:1      | Reached XP level 3. HP: 27/27 MP: 3/3
  1261 | D:2      | Noticed Robin
  1301 | D:2      | Noticed Jessica
  1317 | D:2      | Killed Jessica
  1318 | D:2      | Gained mutation: You have a pair of antennae on your head.
                  | [demonic ancestry]
  1318 | D:2      | Reached XP level 4. HP: 28/34 MP: 4/4
  1342 | D:2      | Killed Robin
  2097 | D:3      | Found a broken altar of Ashenzari.
  2112 | D:3      | Gained mutation: A weak demonic guardian rushes to your
                  | aid. [demonic ancestry]
  2112 | D:3      | Reached XP level 5. HP: 21/41 MP: 5/5
  2395 | D:3      | Noticed Natasha
  2397 | D:3      | Killed Natasha
  2407 | D:3      | Noticed a water elemental
  2418 | D:3      | Found a stormy altar of Qazlal.
  2418 | D:3      | Noticed a fire elemental
  2455 | D:3      | Noticed an air elemental
  2647 | D:3      | Found a bloodstained altar of Trog.
  2710 | D:3      | Found an ornate altar of the Wu Jian Council.
  2926 | D:3      | Noticed Natasha
  2935 | D:3      | Killed Natasha
  2936 | D:3      | Reached skill level 1 in Evocations
  3224 | D:3      | Noticed Natasha
  3233 | D:3      | Killed Natasha
  3234 | D:3      | Gained mutation: A demonic guardian rushes to your aid.
                  | [demonic ancestry]
  3234 | D:3      | Reached XP level 6. HP: 43/48 MP: 6/6
  3612 | D:4      | Noticed Eustachio
  3652 | D:4      | Killed Eustachio
  3653 | D:4      | Reached skill level 5 in Stealth
  3653 | D:4      | Reached XP level 7. HP: 41/54 MP: 6/8
  4203 | D:5      | Entered Level 5 of the Dungeon
  4261 | D:5      | Reached skill level 5 in Short Blades
  4261 | D:5      | Reached skill level 1 in Spellcasting
  4556 | D:5      | Reached skill level 1 in Armour
  4679 | D:5      | Found a staircase to the Ecumenical Temple.
  4721 | D:5      | Reached XP level 8. HP: 51/60 MP: 9/9
  4765 | Temple   | Entered the Ecumenical Temple
  4983 | D:5      | Found a hazy altar of Hepliaklqana.
  5270 | D:5      | Reached skill level 5 in Fighting
  5389 | D:6      | Noticed Grinder
  5398 | D:6      | Paralysed by Grinder for 2 turns
  5410 | D:6      | Paralysed by Grinder for 2 turns
  5419 | D:6      | Paralysed by Grinder for 5 turns
  5425 | D:6      | Killed from afar by Grinder

Illustrated notes

Levels and vault maps discovered:
D:1:      nzn_arrival_settlement, layout_basic, ebering_ecumenical_altar_box
D:2:      layout_loops_cross, chequers_serial_rivers_large_a,
          minmay_tetromino_s2, uniq_jessica, uniq_robin
D:3:      layout_basic, nicolae_qazlal_style_of_elements,
          mainiacjoe_overflow_chevrons, mainiacjoe_overflow_alcove_2,
          lemuel_crystal_altar, hangedman_abyss_or_decor_stabs, uniq_natasha
D:4:      layout_basic, st_stairs_5, uniq_eustachio
D:5:      layout_basic, mainiacjoe_overflow_small_starburst,
          minmay_temple_entry_mini_moons, kennysheep_windowed_goal
D:6:      layout_rooms, zin_purify, serial_shops, shop, gup_sewer_entry_pipe,
          uniq_grinder
Temple:   zaba_magenta_temple

Skill      XL: |  1  2  3  4  5  6  7  8 |
---------------+-------------------------+-----
Dodging        | 1 2 |  2.0
Short Blades   | 2 3 4 5 6 |  6.7
Stealth        | 4 5 6 |  6.0
Fighting       | 3 4 5 |  5.4
Evocations     | 1 2 3 |  3.5
Spellcasting   | 1 |  1.0
Armour         | 1 |  1.0
Throwing       | |  1.7

Action                   |  1- 3 |  4- 6 |  7- 9 || total
-------------------------+-------+-------+-------++-------
Melee: Dagger            |    83 |    77 |       ||   160
       Punch             |     1 |     2 |     1 ||     4
       Short sword       |       |   110 |   140 ||   250
Throw: Dart              |    14 |     7 |     4 ||    25
  Use: Scroll            |     4 |     5 |     1 ||    10
       Potion            |     1 |     1 |     4 ||     6
 Stab: Sleeping          |     7 |     6 |     6 ||    19
       Invisible         |       |       |     1 ||     1
Armor: Robe              |    18 |    27 |    17 ||    62
Dodge: Dodged            |    47 |    64 |    52 ||   163
Block: Other             |     6 |    18 |    20 ||    44
       Reflection        |     2 |       |       ||     2

Table legend: (Time is in decaauts)
 A = Elapsed time spent in this place.
 B = Non-inter-level travel time spent in this place.
 C = Inter-level travel time spent in this place.
 D = Time resting spent in this place.
 E = Time spent auto-exploring this place.
 F = Levels seen in this place.
 G = Mean time per level.
                   A        B        C        D        E       F      G
               +--------+--------+--------+--------+--------+-----+--------+
         Total |   5321 |   4378 |    943 |    499 |   2463 |   7 |  760.1 |
       Dungeon |   5237 |   4294 |    943 |    499 |   2463 |   6 |  872.8 |
        Temple |     83 |     83 |      0 |      0 |      0 |   1 |   83.0 |
               +--------+--------+--------+--------+--------+-----+--------+

Top non-repeatable levels by time:
     D:3: 1334 daAuts
     D:2: 1094 daAuts
     D:1: 956 daAuts
     D:5: 953 daAuts
     D:4: 870 daAuts
  Temple: 83 daAuts
     D:6: 29 daAuts
